[ AOE2 MATCH · #471795941 ]
UnrankedTeutons vs Bulgarians
Player's team · LOSS
[ REPLAY ANALYSIS · EXTRACTED FROM THE RECORDED GAME ]
Feudal
10:31
Castle
14:44
Imperial
35:59
| APM avg | 38.5 |
| APM peak | 70 |
| eAPM avg | 27.9 |
| Villagers / military | 192 / 160 |
Focus
⚔️ 41.9% · 🌾 58.1%
Militia ×87 · Teutonic Knight ×35 · Spearman ×28 · Battering Ram ×10 · Trade Cart ×7
Feudal
10:13
Castle
13:57
Imperial
27:28
| APM avg | 58.5 |
| APM peak | 122 |
| eAPM avg | 36.9 |
| Villagers / military | 187 / 371 |
Focus
⚔️ 42.4% · 🌾 57.6%
Konnik ×313 · Scout Cavalry ×38 · Battering Ram ×20
Feudal
11:22
Castle
14:57
Imperial
33:00
| APM avg | 49.9 |
| APM peak | 101 |
| eAPM avg | 29.8 |
| Villagers / military | 160 / 212 |
Focus
⚔️ 40.8% · 🌾 59.2%
Scout Cavalry ×86 · Cavalry Archer ×68 · Janissary ×46 · Bombard Cannon ×12 · Unknown (1105) ×2
Feudal
10:57
Castle
15:42
Imperial
38:17
| APM avg | 29.6 |
| APM peak | 61 |
| eAPM avg | 20.0 |
| Villagers / military | 247 / 202 |
Focus
⚔️ 26.5% · 🌾 73.5%
Spearman ×135 · Huskarl ×49 · Scorpion ×9 · Battering Ram ×8 · Trebuchet (Packed) ×1
Feudal
10:31
Castle
15:04
Imperial
29:59
| APM avg | 77.1 |
| APM peak | 120 |
| eAPM avg | 42.3 |
| Villagers / military | 224 / 243 |
Focus
⚔️ 47.4% · 🌾 52.6%
Spearman ×129 · Longbowman ×106 · Trebuchet (Packed) ×6 · Mangonel ×2
Feudal
10:31
Castle
14:44
Imperial
29:18
| APM avg | 45.2 |
| APM peak | 93 |
| eAPM avg | 28.2 |
| Villagers / military | 172 / 330 |
Focus
⚔️ 43.5% · 🌾 56.5%
Skirmisher ×162 · Coustillier ×87 · Scout Cavalry ×56 · Archer ×8 · Trebuchet (Packed) ×7 · Mangonel ×5
Feudal
10:56
Castle
14:26
Imperial
—
| APM avg | 39.8 |
| APM peak | 82 |
| eAPM avg | 17.2 |
| Villagers / military | 160 / 136 |
Focus
⚔️ 31.4% · 🌾 68.6%
Skirmisher ×82 · Gbeto ×42 · Battering Ram ×10 · Monk ×1 · Mangonel ×1
Feudal
11:01
Castle
14:31
Imperial
29:07
| APM avg | 44.6 |
| APM peak | 82 |
| eAPM avg | 27.6 |
| Villagers / military | 166 / 345 |
Focus
⚔️ 40.2% · 🌾 59.8%
Fire Lancer ×333 · Chu Ko Nu ×5 · Trebuchet (Packed) ×5 · Scorpion ×2
Match map
Initial resources + every placement click. Lines = walls · curves = elevation contours. ◆ gold · ⬟ stone · ● berries · ✦ relic · ◌ wall gap
Your base· ✓ Closed at 14:44 · 0t walls · 3 gate(s)
虎蹲压制大脑喷气代替思考敌人不倒我倒's base· ✓ Closed at 13:57 · 0t walls · 2 gate(s)
VENÓN | Unranked Player's base· ✓ Closed at 14:57 · 0t walls · 2 gate(s)
Celtinho II's base· ✓ Closed at 15:42 · 0t walls · 3 gate(s)
VENON | Penacho's base· ✓ Closed at 15:04 · 1t walls · 2 gate(s)
QNA | Apachai Hopachai's base· ✓ Closed at 14:44 · 0t walls · 2 gate(s)
Wuyen's base· ✓ Closed at 14:26 · 0t walls · 2 gate(s)
VENÓN | AsMelodiant's base· ✓ Closed at 14:31 · 0t walls · 2 gate(s)
Smoothed initial terrain · ◌ = detected wall gap · hover for details
Inputs per minute
— NYU - - 虎蹲压制大脑喷气代替思考敌人不倒我倒
Build order — NYU
First 150 of 564 actions detected
| 0:01 | Create | Villager (Male) |
| 0:02 | Create | Villager (Male) |
| 0:03 | Build | House |
| 0:05 | Build | House |
| 0:09 | Create | Villager (Male) |
| 0:09 | Create | Villager (Male) |
| 1:09 | Create | Villager (Male) |
| 1:09 | Create | Villager (Male) |
| 1:43 | Create | Villager (Male) |
| 1:43 | Create | Villager (Male) |
| 1:53 | Build | Lumber Camp |
| 2:26 | Create | Villager (Male) |
| 2:27 | Create | Villager (Male) |
| 2:27 | Create | Villager (Male) |
| 2:59 | Create | Villager (Male) |
| 2:59 | Create | Villager (Male) |
| 3:17 | Create | Villager (Male) |
| 3:17 | Create | Villager (Male) |
| 3:28 | Build | House |
| 3:29 | Build | House |
| 3:30 | Build | House |
| 3:42 | Create | Villager (Male) |
| 4:07 | Create | Villager (Male) |
| 4:29 | Create | Villager (Male) |
| 4:29 | Create | Villager (Male) |
| 4:30 | Build | Mill |
| 4:42 | Create | Villager (Male) |
| 4:53 | Create | Villager (Male) |
| 4:53 | Create | Villager (Male) |
| 5:26 | Create | Villager (Male) |
| 5:27 | Create | Villager (Male) |
| 6:00 | Create | Villager (Male) |
| 6:00 | Create | Villager (Male) |
| 6:05 | Create | Villager (Male) |
| 6:06 | Create | Villager (Male) |
| 7:10 | Create | Villager (Male) |
| 7:35 | Build | Mining Camp |
| 7:59 | Build | Mining Camp |
| 8:03 | Research | Feudal Age |
| 8:04 | Research | Loom |
| 8:13 | Create | Villager (Male) |
| 8:14 | Research | Loom |
| 10:31 | Age | Feudal Age |
| 10:33 | Build | Market |
| 10:35 | Build | Blacksmith |
| 12:04 | Research | Castle Age |
| 12:15 | Build | Farm |
| 12:15 | Build | Farm |
| 12:17 | Build | Farm |
| 12:19 | Build | Farm |
| 13:33 | Research | Double-Bit Axe |
| 14:13 | Build | Farm |
| 14:38 | Create | Villager (Male) |
| 14:38 | Create | Villager (Male) |
| 14:38 | Create | Villager (Male) |
| 14:44 | Age | Castle Age |
| 14:46 | Build | Castle |
| 15:16 | Research | Bow Saw |
| 15:39 | Research | Horse Collar |
| 15:53 | Build | House |
| 16:06 | Build | Farm |
| 16:07 | Create | Villager (Male) |
| 16:18 | Build | Mining Camp |
| 16:33 | Build | Farm |
| 16:34 | Create | Villager (Male) |
| 16:37 | Build | Farm |
| 16:41 | Build | Farm |
| 16:57 | Create | Villager (Male) |
| 17:07 | Create | Teutonic Knight |
| 17:07 | Create | Teutonic Knight |
| 17:13 | Build | Siege Workshop |
| 17:17 | Build | Farm |
| 17:18 | Build | Farm |
| 17:20 | Build | Farm |
| 17:22 | Create | Villager (Male) |
| 17:27 | Build | Farm |
| 17:29 | Build | Farm |
| 17:32 | Create | Villager (Male) |
| 17:38 | Create | Villager (Male) |
| 18:03 | Create | Villager (Male) |
| 18:03 | Create | Villager (Male) |
| 18:07 | Build | Outpost |
| 18:18 | Create | Battering Ram |
| 18:18 | Create | Battering Ram |
| 18:28 | Build | Outpost |
| 18:34 | Create | Villager (Male) |
| 18:34 | Create | Villager (Male) |
| 18:34 | Create | Villager (Male) |
| 19:11 | Create | Battering Ram |
| 19:11 | Create | Battering Ram |
| 19:21 | Build | House |
| 19:21 | Create | Villager (Male) |
| 19:22 | Create | Villager (Male) |
| 19:22 | Create | Villager (Male) |
| 19:25 | Build | Farm |
| 19:29 | Research | Wheelbarrow |
| 19:32 | Create | Teutonic Knight |
| 19:32 | Create | Teutonic Knight |
| 19:45 | Create | Teutonic Knight |
| 19:53 | Build | Outpost |
| 20:03 | Build | Lumber Camp |
| 20:06 | Create | Villager (Male) |
| 20:06 | Create | Villager (Male) |
| 20:10 | Create | Battering Ram |
| 20:16 | Create | Teutonic Knight |
| 20:29 | Create | Villager (Male) |
| 20:30 | Create | Villager (Male) |
| 20:34 | Create | Teutonic Knight |
| 20:34 | Create | Teutonic Knight |
| 20:41 | Create | Teutonic Knight |
| 21:06 | Create | Villager (Male) |
| 21:17 | Build | Outpost |
| 21:19 | Research | Town Watch |
| 21:20 | Create | Villager (Male) |
| 21:21 | Create | Villager (Male) |
| 21:21 | Create | Villager (Male) |
| 21:21 | Create | Villager (Male) |
| 22:00 | Create | Villager (Male) |
| 22:00 | Create | Villager (Male) |
| 22:01 | Create | Villager (Male) |
| 22:15 | Create | Villager (Male) |
| 22:24 | Build | Farm |
| 22:25 | Build | Farm |
| 22:27 | Build | Farm |
| 22:28 | Build | Farm |
| 22:44 | Create | Battering Ram |
| 22:44 | Create | Battering Ram |
| 22:45 | Create | Battering Ram |
| 22:45 | Create | Battering Ram |
| 22:45 | Create | Battering Ram |
| 22:56 | Create | Teutonic Knight |
| 22:56 | Create | Teutonic Knight |
| 23:20 | Create | Teutonic Knight |
| 23:20 | Create | Teutonic Knight |
| 23:20 | Create | Teutonic Knight |
| 23:39 | Create | Villager (Male) |
| 23:40 | Create | Villager (Male) |
| 23:40 | Create | Villager (Male) |
| 23:53 | Research | Scale Mail Armor |
| 23:58 | Build | Farm |
| 24:01 | Build | Farm |
| 24:02 | Build | Farm |
| 24:07 | Build | Farm |
| 24:08 | Create | Villager (Male) |
| 24:09 | Create | Villager (Male) |
| 24:15 | Build | House |
| 24:15 | Build | House |
| 24:16 | Build | House |
| 24:51 | Create | Teutonic Knight |
| 24:51 | Create | Teutonic Knight |
Build order — 虎蹲压制大脑喷气代替思考敌人不倒我倒
First 150 of 747 actions detected
| 0:02 | Create | Villager (Male) |
| 0:02 | Create | Villager (Male) |
| 0:02 | Create | Villager (Male) |
| 0:03 | Build | House |
| 0:04 | Build | House |
| 0:07 | Create | Villager (Male) |
| 0:08 | Create | Villager (Male) |
| 1:15 | Create | Villager (Male) |
| 1:15 | Create | Villager (Male) |
| 2:10 | Create | Villager (Male) |
| 2:10 | Create | Villager (Male) |
| 2:24 | Create | Villager (Male) |
| 2:24 | Create | Villager (Male) |
| 2:27 | Build | Lumber Camp |
| 2:41 | Create | Villager (Male) |
| 2:42 | Create | Villager (Male) |
| 2:59 | Create | Villager (Male) |
| 2:59 | Create | Villager (Male) |
| 3:29 | Create | Villager (Male) |
| 3:29 | Create | Villager (Male) |
| 3:30 | Create | Villager (Male) |
| 3:43 | Create | Villager (Male) |
| 4:06 | Create | Villager (Male) |
| 4:13 | Build | House |
| 4:29 | Create | Villager (Male) |
| 4:29 | Create | Villager (Male) |
| 4:30 | Create | Villager (Male) |
| 4:50 | Build | House |
| 4:51 | Build | House |
| 4:56 | Create | Villager (Male) |
| 5:05 | Create | Villager (Male) |
| 5:32 | Build | Mill |
| 5:41 | Create | Villager (Male) |
| 5:51 | Create | Villager (Male) |
| 6:14 | Create | Villager (Male) |
| 6:29 | Build | Farm |
| 6:46 | Build | Farm |
| 6:58 | Create | Villager (Male) |
| 7:37 | Build | Farm |
| 8:03 | Research | Feudal Age |
| 8:03 | Research | Feudal Age |
| 8:06 | Build | Farm |
| 8:32 | Create | Villager (Male) |
| 8:33 | Create | Villager (Male) |
| 8:36 | Create | Villager (Male) |
| 8:36 | Create | Villager (Male) |
| 8:36 | Create | Villager (Male) |
| 10:13 | Age | Feudal Age |
| 10:18 | Build | Market |
| 10:21 | Build | Blacksmith |
| 11:17 | Research | Castle Age |
| 11:17 | Research | Castle Age |
| 11:17 | Research | Castle Age |
| 11:27 | Build | House |
| 11:53 | Research | Double-Bit Axe |
| 11:53 | Research | Double-Bit Axe |
| 12:18 | Research | Horse Collar |
| 12:18 | Research | Horse Collar |
| 12:23 | Build | Farm |
| 13:56 | Create | Villager (Male) |
| 13:57 | Age | Castle Age |
| 13:59 | Build | Town Center |
| 14:17 | Build | Town Center |
| 14:23 | Create | Villager (Male) |
| 14:34 | Research | Bow Saw |
| 14:34 | Research | Bow Saw |
| 14:49 | Create | Villager (Male) |
| 14:53 | Build | Farm |
| 15:16 | Create | Villager (Male) |
| 15:18 | Build | Farm |
| 15:33 | Create | Villager (Male) |
| 15:34 | Create | Villager (Male) |
| 15:46 | Create | Villager (Male) |
| 15:46 | Create | Villager (Male) |
| 15:46 | Create | Villager (Male) |
| 15:49 | Build | Farm |
| 16:00 | Build | Farm |
| 16:06 | Create | Villager (Male) |
| 16:06 | Create | Villager (Male) |
| 16:07 | Create | Villager (Male) |
| 16:10 | Build | Farm |
| 16:27 | Create | Villager (Male) |
| 16:27 | Create | Villager (Male) |
| 16:28 | Create | Villager (Male) |
| 16:29 | Build | Farm |
| 16:31 | Create | Villager (Male) |
| 16:31 | Create | Villager (Male) |
| 16:36 | Build | Farm |
| 16:38 | Build | Farm |
| 16:41 | Create | Villager (Male) |
| 16:41 | Create | Villager (Male) |
| 16:42 | Create | Villager (Male) |
| 16:44 | Build | Farm |
| 16:53 | Build | Farm |
| 16:54 | Create | Villager (Male) |
| 16:54 | Create | Villager (Male) |
| 16:56 | Build | House |
| 17:02 | Build | Farm |
| 17:04 | Create | Villager (Male) |
| 17:04 | Create | Villager (Male) |
| 17:09 | Build | Farm |
| 17:14 | Create | Villager (Male) |
| 17:14 | Create | Villager (Male) |
| 17:17 | Build | Farm |
| 17:21 | Build | Farm |
| 17:24 | Create | Villager (Male) |
| 17:25 | Create | Villager (Male) |
| 17:33 | Build | Farm |
| 17:34 | Create | Villager (Male) |
| 17:35 | Create | Villager (Male) |
| 17:35 | Create | Villager (Male) |
| 17:38 | Build | House |
| 17:42 | Create | Villager (Male) |
| 17:42 | Create | Villager (Male) |
| 17:42 | Create | Villager (Male) |
| 17:44 | Build | House |
| 17:53 | Build | Farm |
| 17:56 | Create | Villager (Male) |
| 18:01 | Create | Villager (Male) |
| 18:08 | Create | Villager (Male) |
| 18:08 | Create | Villager (Male) |
| 18:17 | Build | Town Center |
| 18:20 | Create | Villager (Male) |
| 18:21 | Create | Villager (Male) |
| 18:26 | Create | Villager (Male) |
| 18:26 | Create | Villager (Male) |
| 18:29 | Build | Farm |
| 18:34 | Build | Farm |
| 18:37 | Build | Farm |
| 18:38 | Create | Villager (Male) |
| 18:38 | Create | Villager (Male) |
| 18:41 | Build | Farm |
| 18:42 | Create | Villager (Male) |
| 18:42 | Create | Villager (Male) |
| 18:47 | Build | Farm |
| 18:49 | Create | Villager (Male) |
| 18:49 | Create | Villager (Male) |
| 18:50 | Build | House |
| 18:51 | Build | House |
| 18:56 | Create | Villager (Male) |
| 18:57 | Create | Villager (Male) |
| 18:57 | Create | Villager (Male) |
| 19:02 | Build | Farm |
| 19:05 | Create | Villager (Male) |
| 19:05 | Create | Villager (Male) |
| 19:05 | Create | Villager (Male) |
| 19:10 | Create | Villager (Male) |
| 19:11 | Create | Villager (Male) |
| 19:22 | Create | Villager (Male) |
| 19:22 | Create | Villager (Male) |
Build order — VENÓN | Unranked Player
First 150 of 563 actions detected
| 0:02 | Create | Villager (Male) |
| 0:02 | Create | Villager (Male) |
| 0:03 | Build | House |
| 0:04 | Build | House |
| 0:09 | Create | Villager (Male) |
| 0:09 | Create | Villager (Male) |
| 0:09 | Create | Villager (Male) |
| 1:21 | Create | Villager (Male) |
| 1:21 | Create | Villager (Male) |
| 1:43 | Create | Villager (Male) |
| 1:43 | Create | Villager (Male) |
| 1:49 | Build | Lumber Camp |
| 2:05 | Create | Villager (Male) |
| 2:05 | Create | Villager (Male) |
| 2:30 | Create | Villager (Male) |
| 2:31 | Create | Villager (Male) |
| 3:01 | Create | Villager (Male) |
| 3:26 | Build | House |
| 3:27 | Build | House |
| 3:27 | Build | House |
| 3:27 | Build | House |
| 3:30 | Create | Villager (Male) |
| 3:31 | Create | Villager (Male) |
| 3:45 | Create | Villager (Male) |
| 4:20 | Build | Mill |
| 4:34 | Create | Villager (Male) |
| 4:34 | Create | Villager (Male) |
| 4:58 | Create | Villager (Male) |
| 4:58 | Create | Villager (Male) |
| 5:18 | Create | Villager (Male) |
| 5:42 | Create | Villager (Male) |
| 5:46 | Build | Lumber Camp |
| 5:53 | Create | Villager (Male) |
| 6:09 | Create | Villager (Male) |
| 6:24 | Create | Villager (Male) |
| 6:24 | Create | Villager (Male) |
| 6:46 | Build | Mining Camp |
| 6:54 | Create | Villager (Male) |
| 6:55 | Create | Villager (Male) |
| 6:57 | Create | Villager (Male) |
| 7:36 | Build | Farm |
| 7:36 | Build | Farm |
| 8:46 | Build | Farm |
| 8:51 | Build | Mining Camp |
| 8:57 | Research | Feudal Age |
| 10:09 | Create | Villager (Male) |
| 10:09 | Create | Villager (Male) |
| 10:47 | Build | Farm |
| 11:22 | Age | Feudal Age |
| 11:25 | Build | Market |
| 11:27 | Build | Blacksmith |
| 11:56 | Build | House |
| 12:17 | Research | Castle Age |
| 12:17 | Research | Castle Age |
| 12:51 | Research | Horse Collar |
| 12:52 | Research | Horse Collar |
| 13:01 | Build | Farm |
| 13:01 | Build | Farm |
| 13:02 | Build | Farm |
| 13:07 | Build | Farm |
| 13:11 | Build | Farm |
| 13:37 | Research | Double-Bit Axe |
| 13:37 | Research | Double-Bit Axe |
| 14:10 | Create | Villager (Male) |
| 14:57 | Age | Castle Age |
| 15:00 | Create | Villager (Male) |
| 15:03 | Build | Castle |
| 15:09 | Research | Bow Saw |
| 15:09 | Research | Bow Saw |
| 15:23 | Create | Villager (Male) |
| 15:25 | Build | Farm |
| 15:29 | Build | Farm |
| 15:31 | Build | Farm |
| 15:32 | Build | Farm |
| 15:33 | Build | Farm |
| 15:42 | Build | Farm |
| 15:43 | Create | Villager (Male) |
| 16:14 | Build | Farm |
| 16:33 | Create | Villager (Male) |
| 16:49 | Build | Siege Workshop |
| 16:52 | Create | Villager (Male) |
| 17:00 | Create | Janissary ×4 |
| 17:00 | Create | Janissary ×4 |
| 17:19 | Create | Villager (Male) |
| 17:36 | Create | Villager (Male) |
| 17:39 | Build | Farm |
| 17:41 | Create | Janissary |
| 17:49 | Build | Farm |
| 17:55 | Create | Unit 1105 |
| 17:55 | Create | Unit 1105 |
| 17:56 | Create | Villager (Male) |
| 18:00 | Build | Farm |
| 18:15 | Build | Farm |
| 18:17 | Create | Janissary |
| 18:22 | Build | Farm |
| 18:29 | Create | Villager (Male) |
| 18:36 | Create | Janissary |
| 18:36 | Create | Janissary |
| 18:48 | Create | Villager (Male) |
| 18:52 | Build | Farm |
| 18:55 | Create | Janissary |
| 18:56 | Create | Janissary |
| 19:04 | Research | Wheelbarrow |
| 19:09 | Build | Farm |
| 19:12 | Create | Janissary |
| 19:27 | Create | Janissary |
| 19:30 | Create | Villager (Male) |
| 19:30 | Create | Villager (Male) |
| 19:47 | Create | Janissary |
| 19:59 | Create | Janissary |
| 19:59 | Create | Janissary |
| 20:18 | Research | Heavy Plow |
| 20:18 | Research | Heavy Plow |
| 20:19 | Research | Gold Mining |
| 20:19 | Research | Gold Mining |
| 20:34 | Create | Villager (Male) |
| 20:39 | Create | Villager (Male) |
| 20:43 | Build | Town Center |
| 20:53 | Build | Farm |
| 21:25 | Create | Villager (Male) |
| 21:29 | Create | Janissary |
| 21:29 | Create | Janissary |
| 21:50 | Create | Janissary |
| 21:50 | Create | Janissary |
| 21:56 | Build | House |
| 22:12 | Build | House |
| 22:14 | Build | House |
| 22:14 | Build | House |
| 22:14 | Build | House |
| 22:14 | Build | House |
| 22:15 | Create | Villager (Male) |
| 22:15 | Create | Janissary |
| 22:18 | Create | Villager (Male) ×5 |
| 22:18 | Create | Villager (Male) ×5 |
| 22:18 | Create | Villager (Male) ×3 |
| 22:32 | Create | Janissary |
| 22:45 | Create | Janissary |
| 22:45 | Create | Janissary |
| 22:46 | Create | Villager (Male) |
| 22:59 | Build | Town Center |
| 23:02 | Create | Janissary |
| 23:03 | Create | Villager (Male) |
| 23:11 | Build | Farm |
| 23:13 | Create | Villager (Male) |
| 23:21 | Build | Farm |
| 23:22 | Create | Janissary |
| 23:22 | Create | Janissary |
| 23:29 | Create | Janissary |
| 23:42 | Create | Janissary |
| 23:42 | Create | Janissary |
Build order — Celtinho II
First 150 of 438 actions detected
| 0:01 | Create | Villager (Male) |
| 0:01 | Create | Villager (Male) |
| 0:02 | Build | House |
| 0:04 | Build | House |
| 0:21 | Create | Villager (Male) |
| 0:21 | Create | Villager (Male) |
| 0:22 | Create | Villager (Male) |
| 1:26 | Create | Villager (Male) |
| 1:27 | Create | Villager (Male) |
| 1:27 | Create | Villager (Male) |
| 2:01 | Create | Villager (Male) |
| 2:01 | Create | Villager (Male) |
| 2:02 | Create | Villager (Male) |
| 2:22 | Create | Villager (Male) |
| 2:23 | Create | Villager (Male) |
| 2:35 | Build | House |
| 2:36 | Build | House |
| 2:51 | Create | Villager (Male) |
| 2:51 | Create | Villager (Male) |
| 2:51 | Create | Villager (Male) |
| 3:06 | Build | Lumber Camp |
| 3:22 | Create | Villager (Male) |
| 3:22 | Create | Villager (Male) |
| 3:55 | Create | Villager (Male) |
| 3:55 | Create | Villager (Male) |
| 3:55 | Create | Villager (Male) |
| 4:16 | Create | Villager (Male) |
| 4:16 | Create | Villager (Male) |
| 4:45 | Create | Villager (Male) |
| 4:46 | Create | Villager (Male) |
| 5:05 | Create | Villager (Male) |
| 5:05 | Create | Villager (Male) |
| 5:27 | Create | Villager (Male) |
| 5:27 | Create | Villager (Male) |
| 5:27 | Create | Villager (Male) |
| 5:53 | Create | Villager (Male) |
| 5:53 | Create | Villager (Male) |
| 5:53 | Create | Villager (Male) |
| 6:19 | Create | Villager (Male) |
| 6:19 | Create | Villager (Male) |
| 6:44 | Create | Villager (Male) |
| 7:10 | Create | Villager (Male) |
| 7:35 | Build | Mill |
| 7:54 | Create | Villager (Male) |
| 7:59 | Create | Villager (Male) |
| 8:28 | Build | Mining Camp |
| 8:45 | Research | Feudal Age |
| 8:50 | Build | House |
| 8:51 | Build | House |
| 8:52 | Build | House |
| 8:54 | Build | House |
| 10:26 | Create | Villager (Male) |
| 10:57 | Age | Feudal Age |
| 10:58 | Research | Double-Bit Axe |
| 10:58 | Research | Double-Bit Axe |
| 11:01 | Build | Blacksmith |
| 11:02 | Build | Market |
| 11:16 | Create | Villager (Male) |
| 11:46 | Create | Villager (Male) |
| 12:09 | Create | Villager (Male) |
| 12:34 | Create | Villager (Male) |
| 12:43 | Build | Farm |
| 12:44 | Build | Farm |
| 12:45 | Build | Farm |
| 12:49 | Build | Farm |
| 12:56 | Research | Castle Age |
| 12:56 | Research | Castle Age |
| 12:56 | Research | Castle Age |
| 13:15 | Build | Farm |
| 13:17 | Build | Farm |
| 13:28 | Build | Farm |
| 13:43 | Research | Horse Collar |
| 13:50 | Build | Lumber Camp |
| 13:56 | Build | Farm |
| 13:58 | Build | Farm |
| 14:31 | Create | Villager (Male) |
| 15:42 | Age | Castle Age |
| 15:45 | Build | Town Center |
| 15:53 | Build | Town Center |
| 15:54 | Research | Bow Saw |
| 15:57 | Create | Villager (Male) |
| 16:26 | Create | Villager (Male) |
| 16:43 | Create | Villager (Male) |
| 16:49 | Research | Loom |
| 16:54 | Create | Villager (Male) |
| 16:56 | Build | Lumber Camp |
| 17:07 | Build | Farm |
| 17:08 | Create | Villager (Male) |
| 17:08 | Create | Villager (Male) |
| 17:08 | Create | Villager (Male) |
| 17:35 | Create | Villager (Male) |
| 17:41 | Build | Farm |
| 17:44 | Build | Farm |
| 17:48 | Build | Farm |
| 17:51 | Build | Farm |
| 17:52 | Create | Villager (Male) |
| 17:52 | Create | Villager (Male) |
| 17:52 | Create | Villager (Male) |
| 17:54 | Create | Villager (Male) |
| 17:58 | Build | House |
| 18:03 | Build | Farm |
| 18:13 | Create | Villager (Male) |
| 18:23 | Create | Villager (Male) |
| 18:23 | Create | Villager (Male) |
| 18:23 | Create | Villager (Male) |
| 18:27 | Build | Farm |
| 18:31 | Create | Villager (Male) |
| 18:32 | Create | Villager (Male) |
| 18:41 | Create | Villager (Male) |
| 18:41 | Create | Villager (Male) |
| 18:47 | Build | House |
| 18:51 | Build | Farm |
| 18:55 | Build | Town Center |
| 19:04 | Create | Villager (Male) |
| 19:04 | Create | Villager (Male) |
| 19:05 | Create | Villager (Male) |
| 19:05 | Create | Villager (Male) |
| 19:05 | Create | Villager (Male) |
| 19:27 | Build | House |
| 19:30 | Create | Villager (Male) |
| 19:30 | Create | Villager (Male) |
| 19:31 | Create | Villager (Male) |
| 19:37 | Build | Farm |
| 19:48 | Create | Villager (Male) |
| 19:48 | Create | Villager (Male) |
| 19:55 | Build | Farm |
| 19:56 | Build | Farm |
| 19:56 | Build | Farm |
| 19:57 | Create | Villager (Male) |
| 20:00 | Build | Farm |
| 20:10 | Create | Villager (Male) |
| 20:10 | Create | Villager (Male) |
| 20:10 | Create | Villager (Male) |
| 20:16 | Build | Town Center |
| 20:21 | Build | House |
| 20:22 | Create | Villager (Male) |
| 20:22 | Create | Villager (Male) |
| 20:23 | Create | Villager (Male) |
| 20:28 | Create | Villager (Male) |
| 20:29 | Create | Villager (Male) |
| 20:34 | Build | Farm |
| 20:42 | Build | Farm |
| 20:46 | Build | Farm |
| 20:49 | Create | Villager (Male) |
| 20:49 | Create | Villager (Male) |
| 20:49 | Create | Villager (Male) |
| 20:49 | Create | Villager (Male) |
| 20:52 | Build | House |
| 21:12 | Create | Villager (Male) |
| 21:12 | Create | Villager (Male) |
Build order — VENON | Penacho
First 150 of 646 actions detected
| 0:01 | Create | Villager (Male) |
| 0:01 | Create | Villager (Male) |
| 0:02 | Create | Villager (Male) |
| 0:02 | Build | House |
| 0:03 | Build | House |
| 0:08 | Create | Villager (Male) |
| 1:18 | Create | Villager (Male) |
| 1:36 | Create | Villager (Male) |
| 1:46 | Build | Lumber Camp |
| 2:00 | Create | Villager (Male) |
| 2:23 | Create | Villager (Male) |
| 2:51 | Create | Villager (Male) |
| 3:13 | Build | House |
| 3:13 | Build | House |
| 3:18 | Create | Villager (Male) |
| 3:33 | Create | Villager (Male) |
| 4:06 | Create | Villager (Male) |
| 4:23 | Build | Palisade Wall |
| 4:26 | Build | House |
| 4:36 | Create | Villager (Male) |
| 4:37 | Create | Villager (Male) |
| 4:40 | Build | Mill |
| 5:33 | Create | Villager (Male) |
| 5:33 | Create | Villager (Male) |
| 5:42 | Create | Villager (Male) |
| 5:42 | Create | Villager (Male) |
| 5:55 | Create | Villager (Male) |
| 6:09 | Create | Villager (Male) |
| 6:24 | Create | Villager (Male) |
| 7:06 | Build | Farm |
| 7:07 | Build | Farm |
| 7:08 | Build | Farm |
| 8:03 | Build | Mining Camp |
| 8:06 | Research | Feudal Age |
| 8:32 | Build | House |
| 8:33 | Build | House |
| 8:37 | Build | House |
| 8:59 | Build | Mining Camp |
| 9:01 | Create | Villager (Male) |
| 9:54 | Create | Villager (Male) |
| 9:55 | Create | Villager (Male) |
| 9:59 | Create | Villager (Male) |
| 9:59 | Create | Villager (Male) |
| 10:02 | Create | Villager (Male) |
| 10:08 | Create | Villager (Male) |
| 10:08 | Create | Villager (Male) |
| 10:13 | Create | Villager (Male) |
| 10:13 | Create | Villager (Male) |
| 10:15 | Create | Villager (Male) |
| 10:24 | Create | Villager (Male) |
| 10:31 | Age | Feudal Age |
| 10:34 | Build | Market |
| 11:02 | Build | Blacksmith |
| 11:19 | Build | House |
| 11:48 | Build | Farm |
| 12:24 | Research | Castle Age |
| 12:24 | Research | Castle Age |
| 13:05 | Build | Farm |
| 13:23 | Create | Villager (Male) |
| 13:53 | Research | Double-Bit Axe |
| 13:53 | Research | Double-Bit Axe |
| 13:55 | Research | Horse Collar |
| 13:55 | Research | Horse Collar |
| 14:01 | Create | Villager (Male) |
| 14:04 | Build | Farm |
| 14:19 | Create | Villager (Male) |
| 14:48 | Create | Villager (Male) |
| 15:01 | Create | Villager (Male) |
| 15:04 | Age | Castle Age |
| 15:05 | Build | Castle |
| 15:21 | Create | Villager (Male) |
| 15:27 | Build | Town Center |
| 15:33 | Create | Villager (Male) |
| 15:55 | Research | Bow Saw |
| 15:55 | Research | Bow Saw |
| 16:13 | Create | Villager (Male) |
| 16:13 | Create | Villager (Male) |
| 16:13 | Create | Villager (Male) |
| 16:24 | Create | Villager (Male) |
| 16:31 | Build | House |
| 16:35 | Create | Villager (Male) |
| 16:36 | Create | Villager (Male) |
| 16:36 | Create | Villager (Male) |
| 16:41 | Create | Villager (Male) |
| 16:47 | Create | Longbowman |
| 16:47 | Create | Longbowman |
| 16:53 | Create | Villager (Male) |
| 16:54 | Create | Villager (Male) |
| 16:54 | Create | Villager (Male) |
| 16:55 | Build | Farm |
| 17:13 | Build | House |
| 17:23 | Build | Farm |
| 17:23 | Research | Fletching |
| 17:26 | Create | Villager (Male) |
| 17:54 | Build | Farm |
| 17:56 | Build | Farm |
| 17:58 | Create | Villager (Male) |
| 18:13 | Build | Farm |
| 18:16 | Build | Farm |
| 18:21 | Create | Villager (Male) |
| 18:31 | Build | Farm |
| 18:37 | Create | Villager (Male) |
| 18:37 | Create | Villager (Male) |
| 18:38 | Create | Villager (Male) |
| 18:46 | Create | Longbowman |
| 18:46 | Create | Longbowman |
| 18:53 | Build | Farm |
| 18:58 | Create | Villager (Male) |
| 18:59 | Create | Villager (Male) |
| 19:10 | Build | Lumber Camp |
| 19:22 | Create | Longbowman |
| 19:26 | Create | Villager (Male) |
| 19:31 | Create | Villager (Male) |
| 19:39 | Build | Farm |
| 19:41 | Create | Villager (Male) |
| 19:41 | Create | Villager (Male) |
| 19:44 | Create | Longbowman |
| 19:53 | Build | House |
| 20:06 | Create | Villager (Male) |
| 20:06 | Create | Villager (Male) |
| 20:07 | Create | Villager (Male) |
| 20:11 | Create | Villager (Male) |
| 20:13 | Create | Villager (Male) |
| 20:32 | Build | Siege Workshop |
| 20:33 | Build | House |
| 20:37 | Create | Villager (Male) |
| 20:37 | Create | Villager (Male) |
| 20:47 | Research | Wheelbarrow |
| 20:50 | Create | Longbowman |
| 20:51 | Create | Longbowman |
| 20:54 | Create | Villager (Male) |
| 21:04 | Build | Farm |
| 21:06 | Build | Farm |
| 21:15 | Create | Villager (Male) |
| 21:20 | Build | Farm |
| 21:21 | Create | Villager (Male) |
| 21:25 | Create | Villager (Male) |
| 21:26 | Create | Villager (Male) |
| 21:30 | Build | House |
| 21:43 | Create | Mangonel |
| 21:46 | Create | Villager (Male) |
| 21:57 | Build | Farm |
| 21:57 | Build | Farm |
| 21:58 | Build | Farm |
| 22:08 | Research | Bodkin Arrow |
| 22:22 | Create | Longbowman |
| 22:22 | Create | Longbowman |
| 22:25 | Build | Farm |
| 22:39 | Create | Villager (Male) |
| 22:44 | Create | Villager (Male) |
Build order — QNA | Apachai Hopachai
First 150 of 679 actions detected
| 0:01 | Create | Villager (Male) |
| 0:02 | Create | Villager (Male) |
| 0:02 | Create | Villager (Male) |
| 0:03 | Build | House |
| 0:07 | Build | House |
| 0:15 | Create | Villager (Male) |
| 0:15 | Create | Villager (Male) |
| 1:33 | Create | Villager (Male) |
| 1:34 | Create | Villager (Male) |
| 1:51 | Create | Villager (Male) |
| 1:52 | Create | Villager (Male) |
| 2:02 | Build | Lumber Camp |
| 2:11 | Create | Villager (Male) |
| 2:11 | Create | Villager (Male) |
| 2:46 | Create | Villager (Male) |
| 2:47 | Create | Villager (Male) |
| 2:52 | Create | Villager (Male) |
| 2:53 | Create | Villager (Male) |
| 3:12 | Create | Villager (Male) |
| 3:12 | Create | Villager (Male) |
| 3:35 | Build | House |
| 3:36 | Build | House |
| 3:48 | Create | Villager (Male) |
| 3:49 | Create | Villager (Male) |
| 3:59 | Create | Villager (Male) |
| 4:30 | Build | Mill |
| 4:36 | Create | Villager (Male) |
| 4:36 | Create | Villager (Male) |
| 5:07 | Create | Villager (Male) |
| 5:07 | Create | Villager (Male) |
| 5:32 | Create | Villager (Male) |
| 5:32 | Create | Villager (Male) |
| 5:33 | Create | Villager (Male) |
| 6:18 | Create | Villager (Male) |
| 6:33 | Research | Double-Bit Axe |
| 6:48 | Create | Villager (Male) |
| 7:12 | Create | Villager (Male) |
| 7:15 | Build | Mining Camp |
| 7:37 | Create | Villager (Male) |
| 8:12 | Research | Feudal Age |
| 8:20 | Build | House |
| 10:31 | Age | Feudal Age |
| 10:32 | Create | Villager (Male) |
| 10:33 | Create | Villager (Male) |
| 10:36 | Build | Market |
| 10:38 | Build | Blacksmith |
| 10:43 | Build | Farm |
| 10:52 | Build | Farm |
| 11:07 | Build | Farm |
| 11:23 | Build | Farm |
| 11:43 | Build | Farm |
| 12:04 | Research | Castle Age |
| 12:34 | Build | Farm |
| 12:37 | Research | Horse Collar |
| 13:06 | Research | Bow Saw |
| 13:44 | Research | Heavy Plow |
| 14:07 | Create | Villager (Male) |
| 14:28 | Create | Villager (Male) |
| 14:39 | Build | House |
| 14:44 | Age | Castle Age |
| 14:45 | Create | Villager (Male) |
| 14:48 | Build | Monastery |
| 15:00 | Create | Villager (Male) |
| 15:03 | Build | Town Center |
| 15:28 | Create | Monk |
| 15:33 | Build | Stone Wall |
| 15:36 | Create | Villager (Male) |
| 15:40 | Build | Stone Wall |
| 15:43 | Create | Villager (Male) |
| 15:46 | Build | Siege Workshop |
| 15:54 | Create | Villager (Male) |
| 16:05 | Build | House |
| 16:11 | Build | House |
| 16:20 | Build | Mining Camp |
| 16:22 | Create | Villager (Male) |
| 16:32 | Create | Villager (Male) |
| 16:36 | Build | House |
| 16:44 | Create | Mangonel |
| 16:49 | Create | Villager (Male) |
| 16:49 | Create | Villager (Male) |
| 16:59 | Build | Farm |
| 17:09 | Build | House |
| 17:13 | Create | Villager (Male) |
| 17:13 | Create | Villager (Male) |
| 17:42 | Create | Villager (Male) |
| 17:49 | Build | House |
| 17:59 | Build | Town Center |
| 18:03 | Build | Farm |
| 18:24 | Create | Villager (Male) |
| 18:50 | Create | Villager (Male) |
| 18:50 | Create | Villager (Male) |
| 18:51 | Create | Villager (Male) |
| 19:07 | Create | Villager (Male) |
| 19:07 | Create | Villager (Male) |
| 19:11 | Build | Farm |
| 19:15 | Create | Monk |
| 19:22 | Create | Villager (Male) |
| 19:22 | Create | Villager (Male) |
| 19:28 | Create | Mangonel |
| 19:33 | Build | Farm |
| 19:34 | Build | Farm |
| 19:35 | Build | Farm |
| 19:36 | Build | Farm |
| 19:37 | Build | Farm |
| 19:38 | Build | Farm |
| 19:46 | Create | Villager (Male) |
| 19:46 | Create | Villager (Male) |
| 19:54 | Build | Farm |
| 19:56 | Build | Farm |
| 19:59 | Create | Villager (Male) |
| 19:59 | Create | Villager (Male) |
| 20:02 | Build | Farm |
| 20:18 | Create | Mangonel |
| 20:18 | Create | Mangonel |
| 20:20 | Create | Villager (Male) |
| 20:21 | Create | Villager (Male) |
| 20:27 | Create | Villager (Male) |
| 20:27 | Create | Villager (Male) |
| 20:43 | Create | Villager (Male) |
| 20:43 | Create | Villager (Male) |
| 20:50 | Build | Stone Wall |
| 20:53 | Create | Villager (Male) |
| 20:53 | Create | Villager (Male) |
| 20:56 | Build | Farm |
| 20:57 | Create | Villager (Male) |
| 21:00 | Create | Villager (Male) |
| 21:01 | Create | Villager (Male) |
| 21:13 | Build | Farm |
| 21:14 | Build | Farm |
| 21:24 | Create | Mangonel |
| 21:40 | Build | House |
| 22:04 | Create | Villager (Male) |
| 22:06 | Create | Villager (Male) |
| 22:06 | Create | Villager (Male) |
| 22:13 | Build | Outpost |
| 22:15 | Create | Villager (Male) |
| 22:15 | Create | Villager (Male) |
| 22:16 | Create | Villager (Male) |
| 22:18 | Build | Farm |
| 22:19 | Build | Farm |
| 22:20 | Create | Villager (Male) |
| 22:20 | Create | Villager (Male) |
| 22:21 | Create | Villager (Male) |
| 22:28 | Create | Villager (Male) |
| 22:28 | Create | Villager (Male) |
| 22:42 | Create | Villager (Male) |
| 22:42 | Create | Villager (Male) |
| 22:42 | Create | Villager (Male) |
| 22:44 | Build | Farm |
| 22:45 | Build | Farm |
Build order — Wuyen
First 150 of 390 actions detected
| 0:01 | Create | Villager (Male) |
| 0:01 | Create | Villager (Male) |
| 0:03 | Build | House |
| 0:05 | Build | House |
| 0:13 | Create | Villager (Male) ×2 |
| 1:37 | Create | Villager (Male) |
| 1:37 | Create | Villager (Male) |
| 2:03 | Create | Villager (Male) |
| 2:03 | Create | Villager (Male) |
| 2:23 | Create | Villager (Male) |
| 2:23 | Create | Villager (Male) |
| 2:25 | Build | Lumber Camp |
| 2:42 | Create | Villager (Male) |
| 2:42 | Create | Villager (Male) |
| 3:13 | Create | Villager (Male) |
| 3:14 | Create | Villager (Male) |
| 3:28 | Build | House |
| 3:29 | Build | House |
| 3:41 | Create | Villager (Male) |
| 3:41 | Create | Villager (Male) |
| 4:08 | Create | Villager (Male) |
| 4:09 | Create | Villager (Male) |
| 4:09 | Create | Villager (Male) |
| 4:09 | Create | Villager (Male) |
| 4:27 | Build | Mill |
| 5:15 | Create | Villager (Male) |
| 5:15 | Create | Villager (Male) |
| 5:40 | Create | Villager (Male) |
| 5:40 | Create | Villager (Male) |
| 5:48 | Create | Villager (Male) |
| 6:02 | Build | Farm |
| 7:09 | Create | Villager (Male) |
| 7:16 | Build | Mining Camp |
| 7:27 | Create | Villager (Male) |
| 7:28 | Create | Villager (Male) |
| 8:08 | Build | Mining Camp |
| 8:12 | Research | Feudal Age |
| 8:27 | Build | Farm |
| 9:32 | Create | Villager (Male) |
| 9:32 | Create | Villager (Male) |
| 9:55 | Build | House |
| 10:56 | Age | Feudal Age |
| 10:57 | Build | Market |
| 11:02 | Build | Blacksmith |
| 11:45 | Research | Castle Age |
| 12:03 | Research | Horse Collar |
| 12:03 | Research | Horse Collar |
| 12:20 | Research | Double-Bit Axe |
| 12:20 | Research | Double-Bit Axe |
| 13:04 | Build | Farm |
| 13:15 | Create | Villager (Male) |
| 13:23 | Build | Farm |
| 13:27 | Build | Farm |
| 13:48 | Build | Farm |
| 14:26 | Age | Castle Age |
| 14:30 | Research | Bow Saw |
| 14:33 | Create | Villager (Male) |
| 14:47 | Build | Castle |
| 15:01 | Build | Farm |
| 15:07 | Create | Villager (Male) |
| 15:37 | Create | Villager (Male) |
| 15:49 | Build | Farm |
| 15:52 | Build | Farm |
| 15:55 | Create | Villager (Male) |
| 16:00 | Create | Gbeto |
| 16:08 | Build | Farm |
| 16:16 | Create | Villager (Male) |
| 16:26 | Build | Farm |
| 16:28 | Build | Farm |
| 16:30 | Build | Farm |
| 16:32 | Build | Farm |
| 16:33 | Create | Villager (Male) |
| 16:43 | Create | Gbeto |
| 17:07 | Create | Villager (Male) |
| 17:18 | Create | Gbeto |
| 17:38 | Create | Villager (Male) |
| 17:39 | Create | Gbeto |
| 18:08 | Build | Siege Workshop |
| 18:09 | Create | Villager (Male) |
| 18:10 | Create | Gbeto |
| 18:18 | Create | Gbeto |
| 18:20 | Create | Villager (Male) |
| 18:22 | Build | Farm |
| 18:24 | Build | Farm |
| 18:27 | Build | Farm |
| 18:30 | Build | Farm |
| 18:33 | Create | Villager (Male) |
| 18:48 | Build | Farm |
| 18:50 | Create | Villager (Male) |
| 18:57 | Build | House |
| 18:57 | Build | House |
| 19:04 | Create | Gbeto |
| 19:10 | Build | House |
| 19:20 | Build | Farm |
| 19:24 | Create | Gbeto |
| 19:28 | Build | Farm |
| 19:43 | Create | Battering Ram |
| 19:51 | Research | Scale Mail Armor |
| 19:52 | Create | Villager (Male) |
| 19:53 | Create | Villager (Male) |
| 19:56 | Build | House |
| 20:01 | Create | Villager (Male) |
| 20:05 | Build | House |
| 20:05 | Build | House |
| 20:27 | Research | Wheelbarrow |
| 20:55 | Create | Villager (Male) |
| 20:58 | Create | Battering Ram |
| 21:05 | Build | House |
| 21:06 | Create | Villager (Male) |
| 21:20 | Create | Villager (Male) |
| 21:23 | Create | Battering Ram |
| 21:25 | Create | Villager (Male) |
| 21:44 | Build | House |
| 21:46 | Create | Villager (Male) |
| 22:17 | Build | Town Center |
| 22:25 | Create | Villager (Male) |
| 22:28 | Create | Gbeto |
| 22:28 | Create | Gbeto |
| 22:31 | Build | House |
| 22:31 | Build | House |
| 22:48 | Create | Gbeto |
| 22:52 | Research | Chain Mail Armor |
| 23:15 | Create | Villager (Male) |
| 23:15 | Create | Villager (Male) |
| 23:20 | Create | Battering Ram |
| 23:30 | Build | House |
| 23:31 | Build | House |
| 23:36 | Create | Gbeto |
| 23:38 | Create | Gbeto |
| 23:46 | Research | Forging |
| 23:50 | Create | Battering Ram |
| 23:54 | Create | Gbeto |
| 24:04 | Create | Villager (Male) |
| 24:08 | Research | Heavy Plow |
| 24:17 | Research | Iron Casting |
| 24:17 | Research | Iron Casting |
| 24:22 | Build | Barracks |
| 24:23 | Create | Villager (Male) |
| 24:43 | Create | Villager (Male) |
| 24:44 | Create | Gbeto |
| 24:47 | Create | Battering Ram |
| 24:50 | Create | Gbeto |
| 25:08 | Create | Gbeto |
| 25:08 | Create | Gbeto |
| 25:21 | Create | Gbeto |
| 25:22 | Create | Battering Ram |
| 25:33 | Create | Gbeto |
| 25:43 | Create | Villager (Male) |
| 25:44 | Create | Villager (Male) |
| 25:44 | Create | Villager (Male) |
Build order — VENÓN | AsMelodiant
First 150 of 498 actions detected
| 0:04 | Research | Loom |
| 0:54 | Create | Villager (Male) |
| 0:54 | Create | Villager (Male) |
| 1:18 | Create | Villager (Male) |
| 1:43 | Create | Villager (Male) |
| 2:00 | Build | Lumber Camp |
| 2:04 | Create | Villager (Male) |
| 2:28 | Create | Villager (Male) |
| 2:50 | Create | Villager (Male) |
| 3:11 | Create | Villager (Male) |
| 3:24 | Create | Villager (Male) |
| 3:51 | Build | House |
| 3:58 | Create | Villager (Male) |
| 4:15 | Create | Villager (Male) |
| 4:23 | Build | House |
| 4:23 | Build | House |
| 4:37 | Build | Mill |
| 5:05 | Create | Villager (Male) |
| 5:05 | Create | Villager (Male) |
| 5:05 | Create | Villager (Male) |
| 5:12 | Create | Villager (Male) |
| 5:44 | Create | Villager (Male) |
| 5:44 | Create | Villager (Male) |
| 6:54 | Create | Villager (Male) |
| 6:54 | Create | Villager (Male) |
| 6:54 | Create | Villager (Male) |
| 7:17 | Build | Mining Camp |
| 7:33 | Build | Farm |
| 7:37 | Build | Farm |
| 8:00 | Create | Villager (Male) |
| 8:25 | Research | Feudal Age |
| 9:03 | Build | Farm |
| 9:06 | Build | Farm |
| 10:54 | Create | Villager (Male) |
| 10:55 | Create | Villager (Male) |
| 11:01 | Age | Feudal Age |
| 11:02 | Build | Market |
| 11:04 | Build | Blacksmith |
| 11:49 | Research | Castle Age |
| 12:14 | Build | House |
| 12:14 | Build | House |
| 12:15 | Build | House |
| 12:26 | Research | Horse Collar |
| 12:43 | Research | Double-Bit Axe |
| 14:17 | Build | House |
| 14:18 | Build | House |
| 14:31 | Age | Castle Age |
| 14:38 | Build | Town Center |
| 14:41 | Build | Town Center |
| 14:47 | Create | Villager (Male) |
| 14:51 | Build | Town Center |
| 15:27 | Create | Villager (Male) |
| 15:28 | Create | Villager (Male) |
| 15:59 | Create | Villager (Male) |
| 16:02 | Build | House |
| 16:02 | Build | House |
| 16:04 | Create | Villager (Male) |
| 16:05 | Create | Villager (Male) |
| 16:17 | Create | Villager (Male) |
| 16:17 | Create | Villager (Male) |
| 16:18 | Create | Villager (Male) |
| 16:23 | Create | Villager (Male) |
| 16:24 | Build | Farm |
| 16:26 | Build | Farm |
| 16:35 | Create | Villager (Male) |
| 16:37 | Build | Farm |
| 16:38 | Create | Villager (Male) |
| 16:38 | Create | Villager (Male) |
| 16:51 | Build | Farm |
| 16:56 | Build | Farm |
| 16:58 | Create | Villager (Male) |
| 17:01 | Build | Farm |
| 17:13 | Build | Farm |
| 17:15 | Build | Farm |
| 17:17 | Create | Villager (Male) |
| 17:19 | Build | Farm |
| 17:31 | Build | Farm |
| 17:39 | Build | Farm |
| 17:41 | Create | Villager (Male) |
| 17:48 | Create | Villager (Male) |
| 17:48 | Create | Villager (Male) |
| 17:48 | Create | Villager (Male) |
| 17:51 | Build | Farm |
| 17:56 | Build | Farm |
| 17:59 | Build | Farm |
| 18:00 | Create | Villager (Male) |
| 18:11 | Create | Villager (Male) |
| 18:14 | Build | Farm |
| 18:15 | Build | Farm |
| 18:24 | Build | Farm |
| 18:25 | Create | Villager (Male) |
| 18:30 | Build | Farm |
| 18:32 | Create | Villager (Male) |
| 18:37 | Build | Farm |
| 18:44 | Build | Farm |
| 18:45 | Create | Villager (Male) |
| 18:45 | Create | Villager (Male) |
| 18:52 | Create | Villager (Male) |
| 19:00 | Build | Farm |
| 19:06 | Build | Farm |
| 19:07 | Create | Villager (Male) |
| 19:11 | Build | House |
| 19:12 | Build | House |
| 19:13 | Build | House |
| 19:14 | Create | Villager (Male) |
| 19:15 | Create | Villager (Male) |
| 19:18 | Build | Farm |
| 19:18 | Create | Villager (Male) |
| 19:20 | Create | Villager (Male) |
| 19:28 | Build | House |
| 19:29 | Build | House |
| 19:31 | Create | Villager (Male) |
| 19:41 | Create | Villager (Male) |
| 19:46 | Build | Farm |
| 19:49 | Build | Farm |
| 19:50 | Build | Farm |
| 19:51 | Create | Villager (Male) |
| 19:51 | Create | Villager (Male) |
| 19:52 | Create | Villager (Male) |
| 19:55 | Create | Villager (Male) |
| 20:03 | Build | Mining Camp |
| 20:05 | Create | Villager (Male) |
| 20:09 | Create | Villager (Male) |
| 20:13 | Create | Villager (Male) |
| 20:17 | Build | Lumber Camp |
| 20:21 | Create | Villager (Male) |
| 20:21 | Create | Villager (Male) |
| 20:27 | Build | House |
| 20:28 | Create | Villager (Male) |
| 20:28 | Create | Villager (Male) |
| 20:30 | Build | House |
| 20:36 | Create | Villager (Male) |
| 20:36 | Create | Villager (Male) |
| 20:38 | Build | Farm |
| 20:42 | Create | Villager (Male) |
| 20:46 | Research | Wheelbarrow |
| 20:50 | Build | House |
| 20:51 | Create | Villager (Male) |
| 20:55 | Build | Farm |
| 21:01 | Create | Villager (Male) |
| 21:01 | Create | Villager (Male) |
| 21:03 | Build | Farm |
| 21:06 | Build | Farm |
| 21:07 | Create | Villager (Male) |
| 21:07 | Create | Villager (Male) |
| 21:10 | Build | Farm |
| 21:11 | Create | Villager (Male) |
| 21:16 | Build | Farm |
| 21:17 | Create | Villager (Male) |
| 21:21 | Create | Villager (Male) |
Match timeline
| 4:23 | VENON | Penacho · wall_segment Palisade Wall x1 |
| 10:13 | 虎蹲压制大脑喷气代替思考敌人不倒我倒 · age_up feudal |
| 10:31 | VENON | Penacho · age_up feudal |
| 10:31 | NYU · age_up feudal |
| 10:31 | QNA | Apachai Hopachai · age_up feudal |
| 10:56 | Wuyen · age_up feudal |
| 10:57 | Celtinho II · age_up feudal |
| 11:01 | VENÓN | AsMelodiant · age_up feudal |
| 11:22 | VENÓN | Unranked Player · age_up feudal |
| 13:09 | VENÓN | AsMelodiant · first_market_buy 100 stone |
| 13:57 | 虎蹲压制大脑喷气代替思考敌人不倒我倒 · age_up castle |
| 14:26 | Wuyen · age_up castle |
| 14:31 | VENÓN | AsMelodiant · age_up castle |
| 14:44 | QNA | Apachai Hopachai · age_up castle |
| 14:44 | NYU · age_up castle |
| 14:46 | NYU · first_building Castle |
| 14:47 | Wuyen · first_building Castle |
| 14:48 | QNA | Apachai Hopachai · first_building Monastery |
| 14:57 | VENÓN | Unranked Player · age_up castle |
| 15:03 | VENÓN | Unranked Player · first_building Castle |
| 15:04 | VENON | Penacho · age_up castle |
| 15:05 | VENON | Penacho · first_building Castle |
| 15:25 | VENON | Penacho · first_market_buy 100 stone |
| 15:33 | QNA | Apachai Hopachai · wall_segment Stone Wall x4 |
| 15:40 | QNA | Apachai Hopachai · wall_segment Stone Wall x5 |
| 15:42 | Celtinho II · age_up castle |
| 15:46 | QNA | Apachai Hopachai · first_building Siege Workshop |
| 16:01 | VENÓN | Unranked Player · first_market_buy 100 food |
| 16:49 | VENÓN | Unranked Player · first_building Siege Workshop |
| 17:06 | NYU · first_market_buy 100 food |
| 17:13 | NYU · first_building Siege Workshop |
| 18:08 | Wuyen · first_building Siege Workshop |
| 18:35 | VENON | Penacho · first_market_sell 100 stone |
| 20:32 | VENON | Penacho · first_building Siege Workshop |
| 20:50 | QNA | Apachai Hopachai · wall_segment Stone Wall x4 |
| 21:33 | Celtinho II · first_market_buy 100 food |
| 22:01 | Celtinho II · first_building Siege Workshop |
| 22:03 | 虎蹲压制大脑喷气代替思考敌人不倒我倒 · first_building Krepost |
| 22:53 | VENÓN | Unranked Player · first_market_sell 100 wood |
| 22:56 | Celtinho II · first_building Barracks |
| 23:33 | VENÓN | AsMelodiant · first_building Monastery |
| 23:56 | VENÓN | AsMelodiant · first_building Siege Workshop |
| 24:09 | QNA | Apachai Hopachai · first_building Castle |
| 24:22 | Wuyen · first_building Barracks |
| 24:28 | 虎蹲压制大脑喷气代替思考敌人不倒我倒 · first_building Barracks |
| 25:15 | VENÓN | AsMelodiant · first_building Castle |
| 25:16 | 虎蹲压制大脑喷气代替思考敌人不倒我倒 · first_building Castle |
| 25:33 | Celtinho II · first_building Castle |
| 25:34 | 虎蹲压制大脑喷气代替思考敌人不倒我倒 · first_building Stable |
| 25:43 | VENÓN | AsMelodiant · first_building Barracks |
| 26:33 | Celtinho II · first_market_sell 500 wood |
| 27:20 | VENON | Penacho · wall_segment Stone Wall x15 |
| 27:28 | 虎蹲压制大脑喷气代替思考敌人不倒我倒 · age_up imperial |
| 27:35 | VENON | Penacho · wall_segment Stone Wall x8 |
| 27:40 | 虎蹲压制大脑喷气代替思考敌人不倒我倒 · first_market_sell 100 wood |
| 27:53 | VENON | Penacho · wall_segment Stone Wall x1 |
| 28:35 | VENON | Penacho · wall_segment Stone Wall x6 |
| 28:36 | VENON | Penacho · wall_segment Stone Wall x5 |
| 29:07 | VENÓN | AsMelodiant · age_up imperial |
| 29:18 | QNA | Apachai Hopachai · age_up imperial |
| 29:59 | VENON | Penacho · age_up imperial |
| 30:21 | QNA | Apachai Hopachai · first_market_sell 100 food |
| 30:23 | VENÓN | Unranked Player · first_building Barracks |
| 30:25 | QNA | Apachai Hopachai · first_market_buy 100 wood |
| 30:33 | VENÓN | AsMelodiant · first_market_sell 500 food |
| 30:45 | QNA | Apachai Hopachai · first_building Barracks |
| 31:21 | Wuyen · first_market_sell 500 wood |
| 31:22 | Wuyen · first_market_buy 100 stone |
| 31:35 | VENÓN | Unranked Player · first_building Archery Range |
| 31:45 | Wuyen · first_building Archery Range |
| 31:48 | VENÓN | Unranked Player · first_building Stable |
| 32:10 | NYU · first_building Monastery |
| 32:19 | 虎蹲压制大脑喷气代替思考敌人不倒我倒 · wall_segment Stone Wall x6 |
| 32:22 | 虎蹲压制大脑喷气代替思考敌人不倒我倒 · wall_segment Stone Wall x11 |
| 32:45 | 虎蹲压制大脑喷气代替思考敌人不倒我倒 · first_building Siege Workshop |
| 32:46 | NYU · first_building Barracks |
| 32:48 | QNA | Apachai Hopachai · first_building Stable |
| 33:00 | VENÓN | Unranked Player · age_up imperial |
| 33:20 | NYU · wall_segment Stone Wall x1 |
| 33:25 | NYU · wall_segment Stone Wall x5 |
| 33:33 | NYU · wall_segment Stone Wall x8 |
| 33:36 | QNA | Apachai Hopachai · wall_segment Stone Wall x5 |
| 33:40 | Wuyen · wall_segment Stone Wall x4 |
| 33:57 | NYU · wall_segment Stone Wall x17 |
| 34:03 | NYU · wall_segment Stone Wall x11 |
| 34:19 | NYU · wall_segment Stone Wall x2 |
| 34:46 | NYU · wall_segment Stone Wall x1 |
| 35:17 | VENON | Penacho · first_building Barracks |
| 35:22 | QNA | Apachai Hopachai · first_building Archery Range |
| 35:59 | NYU · age_up imperial |
| 36:28 | NYU · first_market_sell 100 food |
| 38:17 | Celtinho II · age_up imperial |
| 38:34 | NYU · wall_segment Stone Wall x4 |
| 39:02 | VENÓN | Unranked Player · tribute_sent a jugador 1 |
| 39:02 | VENÓN | Unranked Player · tribute_sent a jugador 3 |
| 39:02 | VENÓN | Unranked Player · tribute_sent a jugador 4 |
| 39:02 | VENÓN | Unranked Player · tribute_sent a jugador 5 |
| 39:02 | VENÓN | Unranked Player · tribute_sent a jugador 6 |
| 39:02 | VENÓN | Unranked Player · tribute_sent a jugador 7 |
| 39:02 | VENÓN | Unranked Player · tribute_sent a jugador 8 |
| 41:36 | Wuyen · wall_segment Stone Wall x1 |
| 43:39 | VENON | Penacho · tribute_sent a jugador 1 |
| 43:39 | VENON | Penacho · tribute_sent a jugador 2 |
| 43:39 | VENON | Penacho · tribute_sent a jugador 3 |
| 43:39 | VENON | Penacho · tribute_sent a jugador 5 |
| 43:39 | VENON | Penacho · tribute_sent a jugador 6 |
| 43:39 | VENON | Penacho · tribute_sent a jugador 7 |
| 43:39 | VENON | Penacho · tribute_sent a jugador 8 |
| 45:23 | Wuyen · first_building Monastery |
| 46:53 | 虎蹲压制大脑喷气代替思考敌人不倒我倒 · resign |
[ AI ANALYSIS · 1 CREDIT ]
What really happened in this match?
Wolo.gg analyzes every decision: build order, eco, micro, common mistakes by bracket. Personalized analysis on WhatsApp or Discord in 30 seconds.
Civ guide
Teutons
Perfil
VENÓN | NYU